 Dungeon Crawl Stone Soup version 0.28.0 (webtiles) character file.

Game seed: 9614979079868894275

451 browni3141 the Chopper (level 6, 0/84 HPs)
             Began as a Minotaur Berserker on Feb 17, 2022.
             Was a Priest of Trog.
             Slain by a kobold brigand (8 damage)
             ... on level 4 of the Dungeon.
             The game lasted 00:01:48 (4303 turns).

browni3141 the Chopper (Minotaur Berserker)         Turns: 4303, Time: 00:01:49

Health: 0/84       AC:  2    Str: 23    XL:     6   Next: 75%
Magic:  5/5        EV: 12    Int:  4    God:    Trog [***...]
Gold:   179        SH:  0    Dex: 10    Spells: 5/5 levels left

rFire   . . .      SeeInvis .   a - +0 hand axe
rCold   . . .      Faith    .   (no shield)
rNeg    . . .      Spirit   .   b - +0 animal skin
rPois   .          Reflect  .   (helmet restricted)
rElec   .          Harm     .   (no cloak)
rCorr   .          Rampage  .   (no gloves)
Will    .....                   (no boots)
Stlth   ..........              (no amulet)
HPRegen 0.24/turn               (no ring)
MPRegen 0.09/turn               (no ring)

@: berserking, lethally poisoned (0 -> -2), very quick
A: horns 2, retaliatory headbutt
a: Renounce Religion, Berserk, Trog's Hand


You were on level 4 of the Dungeon.
You worshipped Trog.
Trog was most pleased with you.
You visited 1 branch of the dungeon, and saw 4 of its levels.

You collected 179 gold pieces.


Innate Abilities, Weirdness & Mutations

You have a pair of horns on your head.
You reflexively headbutt those who attack you in melee.


   Skills:
 + Level 5.5 Fighting
 * Level 7.0 Axes
 + Level 4.8 Armour
 - Level 2.1 Dodging


You had 5 spell levels left.
You didn't know any spells.
Your spell library was empty.

Inventory:

Hand Weapons
 a - a +0 hand axe (weapon)
Armour
 b - a +0 animal skin (worn)
Jewellery
 C - a ring of ice
 I - a +6 ring of intelligence
Scrolls
 c - 2 scrolls of vulnerability {unknown}
 d - a scroll of enchant armour {unknown}
 g - 2 scrolls of blinking {unknown}
 h - 2 scrolls of identify {unknown}
 i - a scroll of fog {unknown}
 k - a scroll of silence {unknown}
Potions
 e - a potion of brilliance {unknown}
 f - a potion of flight {unknown}
 j - a potion of might {unknown}
 l - 2 potions of curing {unknown}
 m - a potion of mutation {unknown}

Dungeon Overview and Level Annotations

Branches:
Dungeon (4/15)
 Temple: D:4-7

Altars:
Kikubaaqudgha
Wu Jian
The Shining One

....#####... ......#... ♣
#....#.. .## # ##.#. .#
... ..#.###.).##.# ##...
#........./.###...#
#...##)....†...#.#
##......≈≈.≈≈....##
......≈..≈.≈.@≈...###
......≈≈....K≈≈.....#
#.........?.........#
###.!.≈≈.....≈≈...#.....
##..≈..≈.≈..≈..## ...##
#....≈≈.≈≈...#####...#
...........÷.###.#....##
....#.......)..........#.
#.....##.......#......#..


You could see a kobold brigand.


Message History

A kobold brigand is nearby!
A kobold brigand is nearby!
A kobold brigand is nearby!
The kobold brigand throws a poisoned dart.
The poisoned dart hits you!
You are poisoned.
You feel very sick.
You feel sick.
The kobold brigand hits you with a +0 short sword.
* * * LOW HITPOINT WARNING * * *
You closely miss the kobold brigand.
You feel sick.
The kobold brigand hits you with a +0 short sword.
* * * LOW HITPOINT WARNING * * *
You completely miss the kobold brigand.
You feel sick.
The kobold brigand hits you with a +0 short sword!
* * * LOW HITPOINT WARNING * * *
You are too injured to fight recklessly!
You are too injured to fight recklessly!
You hit the kobold brigand but do no damage.
You feel sick. The kobold brigand barely misses you. You furiously retaliate!
You headbutt the kobold brigand.
You are too injured to fight recklessly!
A red film seems to cover your vision as you go berserk!
You feel yourself moving faster!
You feel mighty!
You feel sick.
The kobold brigand hits you with a +0 short sword!
* * * LOW HITPOINT WARNING * * *
You slash the kobold brigand! You headbutt the kobold brigand!
The kobold brigand is almost dead.
The kobold brigand hits you with a +0 short sword!
You die...

Skill      XL: |  1  2  3  4  5  6 |
---------------+-------------------+-----
Axes           | 4 5 6 7 |  7.0
Fighting       | 4 5 |  5.5
Armour         | 3 4 |  4.8
Dodging        | |  2.1

Action                   |  1- 3 |  4- 6 || total
-------------------------+-------+-------++-------
Melee: Hand axe          |    74 |   112 ||   186
       Headbutt          |    11 |    17 ||    28
       Punch             |       |     2 ||     2
Invok: Berserk           |     1 |     3 ||     4
       Trog's Hand       |     1 |       ||     1
Armor: Animal skin       |    12 |    22 ||    34
Dodge: Dodged            |    65 |    78 ||   143

Levels and vault maps discovered:
D:1:      kennysheep_arrival_seaside, layout_basic,
          hellmonk_ecumenical_altar_watching_god, serial_aquarium,
          aquarium_bridge_long_joined [aquarium_subvault_bridge,
          aquarium_subvault_balcony, aquarium_subvault_bridge,
          aquarium_subvault_balcony, aquarium_subvault_bridge,
          aquarium_subvault_window], aquarium_window_fake, aquarium_window_fake,
          aquarium_window_fake, aquarium_window_2, aquarium_view_2c,
          aquarium_balcony_3b, aquarium_pool_1, solitary_fountain
D:2:      layout_loops_ring
D:3:      cheibrodos_greedy_goblins, layout_loops_cross, tso_metal_star,
          nzn_wu_jian_council_hall, ebering_ghost_reflecting_pool,
          serial_forest, infiniplex_forest_end_1, infiniplex_forest_end_2,
          infiniplex_forest_end_1, infiniplex_forest_clump_long,
          infiniplex_forest_straight_2, infiniplex_forest_zigzag_2,
          minmay_starry_boxes
D:4:      layout_cave_pools, mainiacjoe_overflow_small_starburst,
          kennysheep_little_box, minmay_tree_intersection

Notes
Turn   | Place    | Note
-------+----------+-------------------------------------------
     0 | D:1      | browni3141 the Minotaur Berserker began the quest for the
                  | Orb.
     0 | D:1      | Reached XP level 1. HP: 19/19 MP: 0/0
   135 | D:1      | Reached skill level 4 in Axes
   163 | D:1      | Reached XP level 2. HP: 27/27 MP: 1/1
   166 | D:1      | Noticed a floating eye
   168 | D:1      | Found a faded altar of an unknown god.
   173 | D:1      | Noticed an eye of devastation
   275 | D:1      | Noticed an eye of devastation
   281 | D:1      | Noticed a golden eye
   538 | D:1      | Reached skill level 4 in Fighting
   657 | D:1      | Reached ** piety under Trog
   658 | D:1      | Reached skill level 3 in Armour
   752 | D:1      | Reached XP level 3. HP: 33/33 MP: 2/2
  1761 | D:2      | Reached skill level 5 in Axes
  1761 | D:2      | Reached XP level 4. HP: 34/40 MP: 3/3
  2327 | D:3      | Found a runed translucent door.
  3076 | D:3      | Found an ornate altar of the Wu Jian Council.
  3238 | D:3      | Found a glowing golden altar of the Shining One.
  3330 | D:3      | Reached XP level 5. HP: 27/47 MP: 4/4
  3682 | D:3      | Noticed a3don's ghost (amateur KoSu)
  3698 | D:3      | Killed a3don's ghost
  3699 | D:3      | Reached skill level 5 in Fighting
  3699 | D:3      | Reached skill level 6 in Axes
  3699 | D:3      | Reached skill level 4 in Armour
  3874 | D:4      | Reached XP level 6. HP: 29/56 MP: 5/5
  4048 | D:4      | Found an ancient bone altar of Kikubaaqudgha.
  4151 | D:4      | Reached *** piety under Trog
  4279 | D:4      | Reached skill level 7 in Axes
  4302 | D:4      | HP: 8/84 [kobold brigand (7)]
  4303 | D:4      | Slain by a kobold brigand

Vanquished Creatures
  The ghost of a3don the Caller, an amateur KoSu (D:3)
  A scorpion (D:4)
  A howler monkey (D:4)
  A bullfrog skeleton (D:4)
  2 orc wizards (D:4)
  7 adders
  An adder skeleton (D:3)
  A worm (D:3)
  A dart slug (D:3)
  7 orcs
  10 ball pythons
  6 bats
  10 endoplasms
  5 giant cockroaches
  8 hobgoblins
  3 quokkas
  4 frilled lizards
  8 goblins
  8 kobolds
  5 rats
90 creatures vanquished.

Vanquished Creatures (others)
  7 plants
7 creatures vanquished.

Grand Total: 97 creatures vanquished

Table legend: (Time is in decaauts)
 A = Elapsed time spent in this place.
 B = Non-inter-level travel time spent in this place.
 C = Inter-level travel time spent in this place.
 D = Time resting spent in this place.
 E = Time spent auto-exploring this place.
 F = Levels seen in this place.
 G = Mean time per level.
                   A        B        C        D        E       F      G
               +--------+--------+--------+--------+--------+-----+--------+
         Total |   4342 |   4235 |    107 |    227 |   3493 |   4 | 1085.5 |
       Dungeon |   4342 |   4235 |    107 |    227 |   3493 |   4 | 1085.5 |
               +--------+--------+--------+--------+--------+-----+--------+

Top non-repeatable levels by time:
     D:3: 1668 daAuts
     D:1: 1201 daAuts
     D:2: 1021 daAuts
     D:4: 451 daAuts

Table legend:
 A = Non-vault XP
 B = Vault XP
 C = Vault XP percentage of total XP
 D = Non-vault monster count
 E = Vault monster count
 F = Vault count percentage of total count
                 A         B        C        D         E       F
            +---------+---------+-------+---------+---------+-------
      Total |     472 |     173 |  26.8 |      78 |      12 |  13.3
            +---------+---------+-------+---------+---------+-------
        D:1 |      46 |       0 |   0.0 |      26 |       0 |   0.0
        D:2 |      88 |       0 |   0.0 |      20 |       0 |   0.0
        D:3 |      44 |     173 |  79.7 |      18 |      12 |  40.0
        D:4 |     294 |       0 |   0.0 |      14 |       0 |   0.0
            +---------+---------+-------+---------+---------+-------
